 Dungeon Crawl Stone Soup version 0.22-a0-348-gd16d139 (webtiles) character file.

107 Amnesiac the Conjurer (level 4, -1/25 HPs)
             Began as a Deep Elf Conjurer on Apr 10, 2018.
             Killed by miscasting Iskenderun's Mystic Blast (10 damage)
             ... on level 3 of the Dungeon.
             The game lasted 00:02:23 (1949 turns).

Amnesiac the Conjurer (Deep Elf Conjurer)           Turns: 1949, Time: 00:02:23

Health: -1/25      AC:  3    Str:  5    XL:     4   Next: 56%
Magic:  2/11       EV: 13    Int: 21    God:
Gold:   139        SH:  0    Dex: 15    Spells: 5/10 levels left

rFire    . . .     SeeInvis .   (no weapon)
rCold    . . .     Gourm    .   (no shield)
rNeg     . . .     Faith    .   a - +0 robe
rPois    .         Spirit   .   (no helmet)
rElec    .         Reflect  .   (no cloak)
rCorr    .         Harm     .   e - +0 pair of gloves
MR       .....                  (no boots)
Stlth    ++........             (no amulet)
HPRegen  0.08/turn              (no ring)
MPRegen  0.12/turn              (no ring)

@: very slightly contaminated
A: no striking features
a: no special abilities


You were on level 3 of the Dungeon.
You were not hungry.

You visited 1 branch of the dungeon, and saw 3 of its levels.

You collected 139 gold pieces.

Inventory:

Armour
 a - a +0 robe (worn)
 e - a +0 pair of gloves (worn)
Jewellery
 m - an uncursed amulet of guardian spirit {unknown}
 n - a +4 amulet of reflection {unknown}
 v - a cursed -2 ring of evasion {unknown}
Scrolls
 h - a scroll of amnesia {!r, unknown}
 j - 2 scrolls of identify {!r, unknown}
 l - 2 scrolls of remove curse {!r, unknown}
 o - a scroll of teleportation {!r, unknown}
 s - a scroll of fear {!r, unknown}
 t - a scroll of enchant weapon {!r, unknown}
 u - a scroll of immolation {!r, unknown}
Potions
 b - a potion of flight {!q, unknown}
 f - 3 potions of magic {!q, unknown}
 g - 4 potions of curing {!q, unknown}
 i - 3 potions of haste {!q, unknown}
 k - a potion of brilliance {!q, unknown}
 p - a potion of mutation {!q, unknown}
 q - 2 potions of degeneration {!q, unknown}
 r - 2 potions of might {!q, unknown}
Comestibles
 c - 5 rations


   Skills:
 * Level 1.3 Fighting
 - Level 2.4 Dodging
 - Level 2.4 Stealth
 + Level 3.5 Spellcasting
 - Level 6.0 Conjurations


You had 5 spell levels left.
You knew the following spells:

 Your Spells              Type           Power        Failure   Level  Hunger
a - Magic Dart            Conj           ####         1%          1    None
d - Iskenderun's Mystic   Conj           ####....     11%         4    ####...


Dungeon Overview and Level Annotations

Branches:
Dungeon (3/15)

Altars:


Message History

You are feeling very hungry.
There is a stone staircase leading up here.
Things that are here:
a club; an orc corpse You butcher the orc corpse.
d - a chunk of flesh
There is a stone staircase leading up, spattered with blood here.
Things that are here:
a club; an orc skeleton Eating a chunk of flesh.
You eat the chunk of flesh.
This raw flesh tastes terrible.
You start resting.
Magic restored.
You enter a teleport trap!
The teleport trap disappears.
Your surroundings suddenly seem different. 3 orcs come into view.
The orc misses you. The orc barely misses you.
The orc shouts!
There are monsters nearby!
There are monsters nearby!
The orc shouts! x2
The orc barely misses you. The orc hits you with a club.
The orc hits you with a morningstar!
A rat comes into view.
You closely miss the rat. The rat closely misses you.
The orc barely misses you. The rat misses you.
Casting: Magic Dart (safe; 1% risk of failure)
Confirm with . or Enter, or press ? or * to list all spells.
Aiming: Magic Dart (safe; 1% risk of failure)
Press: ? - help, Shift-Dir - straight line, f - rat
Aim: a rat
Okay, then.
Casting: Magic Dart (safe; 1% risk of failure)
Confirm with . or Enter, or press ? or * to list all spells.
Aiming: Magic Dart (safe; 1% risk of failure)
Press: ? - help, Shift-Dir - straight line, f - rat
Aim: a rat The magic dart hits the rat.
You kill the rat!
The orc barely misses you. The orc closely misses you.
You see here a rat corpse.
Casting: Magic Dart (safe; 1% risk of failure)
Confirm with . or Enter, or press ? or * to list all spells.
Aiming: Iskenderun's Mystic Blast (safe; 11% risk of failure)
Press: ? - help, Shift-Dir - straight line, f - orc
Aim: an orc, wielding a flail You miscast Iskenderun's Mystic Blast.
You are very lightly contaminated with residual magic.
You feel a strange surge of energy! The orc closely misses you.
The orc hits you from afar with a trident!
* * * LOW HITPOINT WARNING * * *
Unknown command.
An orc comes into view. It is wielding a dagger.
Casting: Iskenderun's Mystic Blast (safe; 11% risk of failure)
Confirm with . or Enter, or press ? or * to list all spells.
Aiming: Iskenderun's Mystic Blast (safe; 11% risk of failure)
Press: ? - help, Shift-Dir - straight line, f/p - orc
Aim: an orc, wielding a flail You miscast Iskenderun's Mystic Blast.
A wave of violent energy washes through your body!
You die...

##.....#.
.......#
#.....#####
#.........
#.....#o### #
#.....oo..#.#
##.##.###o#.#
...# #o..#
###.# #@..#
..............o
#####.##.......
#. ####.## #
...# #. #.o# #.
#.$# ##.# #..##
##...## ...


You could see 3 orcs.

Vanquished Creatures
  An orc wizard (D:3)
  A gnoll (D:1)
  A shadow imp (D:2)
  3 worms (D:2)
  A dart slug (D:2)
  A leopard gecko (D:2)
  2 orcs (D:3)
  3 giant cockroaches (D:1)
  5 goblins
  7 hobgoblins
  A quokka (D:2)
  2 ball pythons
  5 bats
  2 frilled lizards (D:2)
  6 kobolds
  12 rats
53 creatures vanquished.

Notes
Turn   | Place    | Note
-------+----------+-------------------------------------------
     0 | D:1      | Amnesiac the Deep Elf Conjurer began the quest for the Orb.
     0 | D:1      | Reached XP level 1. HP: 10/10 MP: 6/6
   150 | D:1      | Reached XP level 2. HP: 15/15 MP: 4/8
   341 | D:1      | Reached skill level 5 in Conjurations
   829 | D:1      | Reached XP level 3. HP: 19/19 MP: 0/9
  1147 | D:2      | Reached skill level 6 in Conjurations
  1343 | D:2      | Found a faded altar of an unknown god.
  1494 | D:2      | Reached XP level 4. HP: 24/24 MP: 7/10
  1581 | D:2      | Learned a level 4 spell: Iskenderun's Mystic Blast
  1798 | D:3      | Reached skill level 1 in Fighting
  1949 | D:3      | Killed by miscasting Iskenderun's Mystic Blast

Vault maps used:
D:1:      dpeg_arrival_solitude
D:2:      first_ration, chequers_ecumenical_altar_twisty
D:3:      old_standard_altar

Skill      XL: |  1  2  3  4 |
---------------+-------------+-----
Conjurations   | 5 6 |  6.0
Fighting       | 1 |  1.3
Dodging        | |  2.4
Stealth        | |  2.4
Spellcasting   | |  3.5

Action                   |  1- 3 |  4- 6 || total
-------------------------+-------+-------++-------
Melee: Unarmed           |       |     1 ||     1
 Cast: Magic Dart        |    86 |    19 ||   105
       Iskenderun's Myst |       |     1 ||     1
  Eat: Chunk             |     2 |     1 ||     3
Armor: Robe              |     1 |       ||     1
Dodge: Dodged            |     8 |    14 ||    22

Table legend:
 A = Spawn XP
 B = Non-spawn XP
 C = Spawn XP percentage of total XP
 D = Spawn monster count
 E = Non-spawn monster count
 F = Spawn count percentage of total count
 G = Total turns spent on level
                    A         B        C        D         E        F      G
               +---------+---------+-------+---------+---------+-------+---------
         Total |       0 |     153 |   0.0 |       0 |      53 |   0.0 |  1949
               +---------+---------+-------+---------+---------+-------+---------
           D:1 |       0 |      54 |   0.0 |       0 |      28 |   0.0 |   990
           D:2 |       0 |      52 |   0.0 |       0 |      21 |   0.0 |   747
           D:3 |       0 |      47 |   0.0 |       0 |       4 |   0.0 |   212
               +---------+---------+-------+---------+---------+-------+---------
